 Dungeon Crawl Stone Soup version 0.24.0-13-gcf9b319 (webtiles) character file.

Game seed: 8021989940866810116, levelgen mode: deterministic

70858 Balder the Grappler (level 14, 0/137 HPs)
             Began as a Troll Fighter on May 20, 2020.
             Was a Priest of Uskayaw.
             Slain by an orc warlord
             ... wielding a +2 halberd of chopping
              (22 damage)
             ... on level 1 of the Orcish Mines.
             The game lasted 01:40:33 (17957 turns).

Balder the Grappler (Troll Fighter)                Turns: 17957, Time: 01:40:37

Health: 0/137      AC: 18    Str: 32    XL:     14   Next: 95%
Magic:  19/19      EV:  8    Int:  4    God:    Uskayaw [***...]
Gold:   1558       SH: 13    Dex: 13    Spells: 14/14 levels left

rFire    + + .     SeeInvis .     - Unarmed
rCold    + . .     Gourm    +   c - +1 shield
rNeg     . . .     Faith    .   g - +3 shadow dragon scales
rPois    .         Spirit   .   (helmet restricted)
rElec    .         Reflect  .   u - scarf {rC+ rF+}
rCorr    .         Harm     .   (gloves unavailable)
MR       +....                  (boots unavailable)
Stlth    +++.......             N - amulet of regeneration
HPRegen  1.12/turn              U - ring of protection from fire
MPRegen  0.16/turn              E - +5 ring of strength

@: about to teleport
A: large, unfitting armour, claws 3, fast metabolism 3, gourmand, regeneration
1, shaggy fur 1, tough skin 3
a: Stomp, Line Pass, Renounce Religion


You were on level 1 of the Orcish Mines.
You worshipped Uskayaw.
Uskayaw was aware of your devotion.
You were full.

You visited 4 branches of the dungeon, and saw 20 of its levels.
You also visited: Ossuary and Volcano.

You collected 1558 gold pieces.

Inventory:

Hand Weapons
 a - the +5 scimitar "Newtbane" {flame, rElec MR+ Int+2}
   (You found it on level 6 of the Lair of Beasts)

   It has been specially enchanted to burn those struck by it, causing extra
   injury to most foes and up to half again as much damage against particularly
   susceptible opponents.
   Big, fiery blades are also staple armaments of hydra-hunters.
   It affects your intelligence (+2).
   It insulates you from electricity.
   It affects your resistance to hostile enchantments.
 p - a +0 flail of flaming
 q - a +3 flail of crushing
 w - a +0 demon trident
 P - a +2 whip of draining
 T - a +2 flail of holy wrath
 W - a +0 flail of protection
Missiles
 l - 11 javelins
 y - 18 boomerangs (quivered)
 G - 55 poisoned darts
Armour
 c - a +1 shield (worn)
 g - +3 shadow dragon scales (worn)
 t - a +1 robe of magic resistance
 u - a scarf of resistance (worn)
 X - +2 fire dragon scales
Magical Staves
 R - an uncursed staff of power
Jewellery
 n - an uncursed ring of flight
 E - a +5 ring of strength (right claw)
 H - an uncursed ring of protection from cold
 J - an uncursed ring of positive energy
 N - an amulet of regeneration (around neck)
 U - a ring of protection from fire (left claw)
Wands
 b - a wand of iceblast (14)
 i - a wand of random effects (18)
 k - a wand of disintegration (5)
 v - a wand of paralysis (18)
 z - a wand of digging (13)
 C - a wand of acid (1)
 K - a wand of scattershot (4)
 M - a wand of enslavement (17)
 O - a wand of clouds (6)
 Q - a wand of flame (35)
Scrolls
 e - a scroll of amnesia
 h - a scroll of magic mapping
 j - 11 scrolls of identify
 o - 2 scrolls of fog
 r - 6 scrolls of teleportation
 I - 5 scrolls of remove curse
Potions
 d - 2 potions of might
 m - 8 potions of curing
 s - 4 potions of flight
 x - a potion of mutation
 D - a potion of invisibility
 F - 2 potions of haste
Comestibles
 f - 43 rations


   Skills:
 * Level 8.3 Fighting
 * Level 0.1 Long Blades
 - Level 10.1 Maces & Flails
 * Level 9.0 Throwing
 - Level 3.3 Armour
 - Level 3.3 Dodging
 - Level 0.9 Stealth
 + Level 7.8 Shields
 * Level 14.0 Unarmed Combat
 + Level 0.9 Spellcasting
 * Level 8.0 Invocations
 + Level 2.8 Evocations


You had 14 spell levels left.
You didn't know any spells.
Your spell library contained the following spells:

 Spells                   Type           Power        Failure   Level  Hunger
 Animate Skeleton         Necr           N/A          97%         1    ##.....
 Apportation              Tloc           #.....       97%         1    ##.....
 Confusing Touch          Hex            #.....       97%         1    ##.....
 Corona                   Hex            #......      97%         1    ##.....
 Pain                     Necr           #...         97%         1    ##.....
 Sandblast                Erth           #.....       97%         1    ##.....
 Summon Small Mammal      Summ           #...         97%         1    ##.....
 Ensorcelled Hibernation  Hex/Ice        #.....       99%         2    ###....
 Poisonous Vapours        Pois/Air       #.....       99%         2    ###....
 Confuse                  Hex            #.......     100%        3    ####...
 Conjure Flame            Conj/Fire      #.......     100%        3    ####...
 Dazzling Spray           Conj/Hex       #.....       100%        3    ####...
 Mephitic Cloud           Conj/Pois/Air  #.......     100%        3    ####...
 Tukima's Dance           Hex            #.......     100%        3    ####...
 Fulminant Prism          Conj/Hex       #.........   100%        4    #####..
 Petrify                  Tmut/Erth      #.......     100%        4    #####..
 Borgnjor's Vile Clutch   Necr/Erth      #.........   100%        5    ######.
 Excruciating Wounds      Chrm/Necr      #.........   100%        5    ######.
 Summon Mana Viper        Hex/Summ       #.......     100%        5    ######.
 Freezing Cloud           Conj/Ice/Air   #.........   100%        6    #######
 Ring of Flames           Chrm/Fire      #.........   100%        7    #######


Dungeon Overview and Level Annotations

Branches:
Dungeon (12/15)            Temple (1/1) D:4            Lair (6/6) D:11
  Swamp (0/4) Lair:3        Snake (0/4) Lair:4        Slime (0/5) Lair:5
    Orc (1/2) D:11        Ossuary (visited)         Volcano (visited)

Altars:
Ashenzari
Cheibriados
Dithmenos
Elyvilon
Fedhas
Gozag
Hepliaklqana
Kikubaaqudgha
Makhleb
Nemelex Xobeh
Okawaru
Ru
Sif Muna
Trog
Uskayaw
Vehumet
Wu Jian
Xom
Yredelemnul
Zin
The Shining One

Portals:
Hell: Lair:6
Trove: D:11 (give 7 potions of agility)

Annotations:
D:11 exclusion: oklob plant
Lair:5 exclusion: oklob plant


Innate Abilities, Weirdness & Mutations

You are too large for most types of armour.
You have claws for hands.
Your metabolism is lightning-fast.
You like to eat raw meat.
Your natural rate of healing is unusually fast.
You are covered in fur. (AC +1)
You have extremely tough skin. (AC +3)


Message History

You block the warg's attack. The orc warrior barely misses you.
The orc warrior hits you with a +0 long sword!
* * * LOW HITPOINT WARNING * * *
The orc warrior no longer looks unusually strong.
The orc wizard no longer looks unusually strong.
The orc warrior no longer looks unusually strong.
The warg bites you but does no damage. The orc barely misses you.
The orc warlord roars a battlecry!
The orc warrior goes into a battle-frenzy!
You block the orc warrior's attack.
Things that are here:
a +0 club; a +0 leather armour
As you read the scroll of teleportation, it crumbles to dust.
You feel strangely unstable. The warg bites you but does no damage.
You block the orc's attack. The orc hits you but does no damage.
The orc warrior throws a boomerang.
The boomerang hits you but does no damage.
The weapon returns to the orc warrior!
The orc warlord hits you with a +2 halberd of chopping!!
You die...

## ....... ##.#^........
...#........
##...........
#......$...>.
#.§.§§§......
##§§ooo...... ### ####
#.oooo....... #.##
##..####§§@ho.§....
...####....#...§§§§......
..##.##........#.........
.............###.........
.....#........#...#.....#
.....##....#.###.#....###
##...###.##### #.##....#
#....##### ... ...##
.#....#


You could see an orc warlord, a warg, 4 orc warriors, an orc wizard and 2 orcs.

Vanquished Creatures
  A red draconian (Volcano)
  Josephine (Lair:4)
  A catoblepas (Lair:6)
  10 hydras
  A centaur warrior (Volcano)
  2 two-headed ogres
  Urug (Lair:1)
  3 death yaks (Lair:6)
  A wizard (Lair:6)
  An orc knight (Orc:1)
  An orc sorcerer (Orc:1)
  2 cyclopes (D:12)
  An ugly thing (D:11)
  15 elephants
  3 black mambas
  A torpor snail (Lair:5)
  2 molten gargoyles (Volcano)
  2 orange demons (Lair:6)
  8 spiny frogs
  2 centaur skeletons
  2 gargoyles (D:11)
  2 rime drakes (Lair:6)
  A redback zombie (D:12)
  A hellwing (Lair:6)
  8 komodo dragons
  A yaktaur (Volcano)
  3 trolls
  3 red devils (Lair:6)
  A hornet (D:8)
  25 blink frogs
  7 hippogriffs
  A dream sheep (Lair:6)
  A vampire (D:11)
  Sigmund (D:6)
  4 wyverns
  3 basilisks
  8 wraiths
  30 yaks
  10 fire bats
  2 vampire mosquitoes (D:12)
  Edmund (D:6)
  A warg (Orc:1)
  7 water moccasins
  A swamp worm (Lair:3)
  An acid dragon (D:12)
  7 porcupines
  Duvessa (D:7)
  4 hell hounds (Lair:6)
  7 orc warriors
  2 sky beasts
  2 ice beasts
  A black bear (D:11)
  8 ogres
  4 necrophages (D:11)
  15 wolves
  8 centaurs
  17 crocodiles
  4 big kobolds
  A gnoll sergeant (D:11)
  12 bullfrogs
  Dowan (D:7)
  2 scorpions
  6 killer bees (D:6)
  17 wights
  2 electric eels
  7 lava snakes (Volcano)
  2 crimson imps
  A bullfrog zombie (D:5)
  2 centaur zombies
  A quasit (D:8)
  A bullfrog skeleton (D:7)
  3 hounds
  2 jellies
  4 orc priests
  11 orc wizards
  3 iguanas
  9 worker ants
  Natasha (thrice) (D:3)
  A hound zombie (D:11)
  A mummy (D:11)
  2 worker ant zombies (D:5)
  13 gnolls
  18 adders
  7 shadow imps
  An ooze (D:2)
  A worm zombie (D:5)
  2 adder skeletons
  An adder zombie (D:5)
  2 worms
  3 dart slugs
  10 leopard geckos
  62 orcs
  12 bats
  8 giant cockroaches
  6 goblins
  5 hobgoblins
  7 jackals
  3 quokkas
  A ball python (D:2)
  A ball python skeleton (Ossuary)
  6 frilled lizards (D:1)
  A gnoll zombie (D:5)
  2 hobgoblin zombies (Ossuary)
  24 kobolds
  A kobold zombie (Ossuary)
  A leopard gecko zombie (D:5)
  5 orc zombies (Ossuary)
  5 rats
566 creatures vanquished.

Vanquished Creatures (others)
  A fungus (Lair:6)
  2 plants (Lair:6)
  A withered plant (D:11)
4 creatures vanquished.

Grand Total: 570 creatures vanquished

Notes
Turn   | Place    | Note
-------+----------+-------------------------------------------
     0 | D:1      | Balder the Troll Fighter began the quest for the Orb.
     0 | D:1      | Reached XP level 1. HP: 22/22 MP: 0/0
   237 | D:1      | Reached XP level 2. HP: 27/29 MP: 1/1
   566 | D:1      | Reached XP level 3. HP: 36/36 MP: 2/2
   968 | D:2      | Reached skill level 1 in Throwing
  1316 | D:2      | Reached skill level 1 in Unarmed Combat
  1316 | D:2      | Reached XP level 4. HP: 44/44 MP: 3/3
  1432 | D:2      | Found a shattered altar of Ashenzari.
  1586 | D:3      | Found an ornate altar of the Wu Jian Council.
  1633 | D:3      | Noticed Natasha
  1641 | D:3      | Killed Natasha
  1641 | D:3      | Reached skill level 2 in Unarmed Combat
  1691 | D:3      | Reached XP level 5. HP: 53/53 MP: 4/4
  1841 | D:3      | Found a shimmering altar of Xom.
  1893 | D:3      | Found a shimmering blue altar of Sif Muna.
  1895 | D:3      | Found a bloodstained altar of Trog.
  1923 | D:3      | Noticed Natasha
  1929 | D:3      | Killed Natasha
  1945 | D:3      | Noticed Natasha
  1964 | D:3      | Killed Natasha
  2160 | D:3      | Found a glowing golden altar of the Shining One.
  2249 | D:4      | Reached skill level 3 in Unarmed Combat
  2253 | D:4      | Reached XP level 6. HP: 61/61 MP: 5/5
  2852 | D:4      | Found a staircase to the Ecumenical Temple.
  2853 | D:4      | Reached skill level 1 in Armour
  2866 | D:4      | Reached skill level 4 in Unarmed Combat
  2895 | Temple   | Entered the Ecumenical Temple
  3104 | Temple   | Became a worshipper of Uskayaw the Reveler
  3383 | D:5      | Entered Level 5 of the Dungeon
  3391 | D:5      | Reached * piety under Uskayaw
  3412 | D:5      | Reached ** piety under Uskayaw
  3424 | D:5      | Reached XP level 7. HP: 61/67 MP: 6/6
  3431 | D:5      | Reached *** piety under Uskayaw
  3632 | D:5      | Found a sand-covered staircase.
  3655 | Ossuary  | Entered an ossuary
  3785 | Ossuary  | Noticed a flying skull
  3785 | Ossuary  | Noticed a wraith
  3814 | Ossuary  | Noticed a flying skull
  3820 | Ossuary  | Reached skill level 5 in Unarmed Combat
  3825 | Ossuary  | Noticed a flying skull
  3842 | Ossuary  | Noticed a wraith
  3855 | Ossuary  | Killed a wraith
  3855 | Ossuary  | Reached skill level 1 in Invocations
  3855 | Ossuary  | Reached XP level 8. HP: 78/78 MP: 7/7
  3869 | Ossuary  | Noticed a flying skull
  3881 | Ossuary  | Reached skill level 1 in Evocations
  4379 | D:6      | Noticed Edmund
  4393 | D:6      | Killed Edmund
  4528 | D:6      | Noticed Sigmund
  4532 | D:6      | Killed Sigmund
  4532 | D:6      | Reached skill level 6 in Unarmed Combat
  4909 | D:6      | Reached **** piety under Uskayaw
  4917 | D:6      | Reached XP level 9. HP: 71/84 MP: 5/9
  5251 | D:7      | Noticed Dowan
  5252 | D:7      | Noticed Duvessa
  5257 | D:7      | Killed Dowan
  5264 | D:7      | Killed Duvessa
  5416 | D:7      | Reached skill level 7 in Unarmed Combat
  5836 | D:7      | Found an ancient bone altar of Kikubaaqudgha.
  5836 | D:7      | Found an iron altar of Okawaru.
  6347 | D:8      | Identified a scroll of acquirement
  6661 | D:8      | Reached skill level 8 in Unarmed Combat
  6859 | D:8      | Paralysed by a hornet for 3 turns
  7181 | D:8      | Reached XP level 10. HP: 94/94 MP: 11/11
  7689 | D:9      | Identified the Collected Works on Earthen Stolen Souls
  7741 | D:9      | Reached skill level 5 in Throwing
  7849 | D:9      | Reached skill level 5 in Maces & Flails
  8045 | D:10     | Entered Level 10 of the Dungeon
  8377 | D:10     | Reached skill level 5 in Fighting
  8882 | D:11     | Noticed a brown ugly thing
  8885 | D:11     | Reached skill level 5 in Shields
  8885 | D:11     | Reached ***** piety under Uskayaw
  8912 | D:11     | Reached skill level 9 in Unarmed Combat
  8913 | D:11     | Killed a brown ugly thing
  8913 | D:11     | Reached ****** piety under Uskayaw
  8945 | D:11     | Found a staircase to the Lair.
  9014 | D:11     | Reached XP level 11. HP: 104/104 MP: 13/13
  9193 | D:11     | Found a staircase to the Orcish Mines.
  9362 | D:11     | Found a hazy altar of Hepliaklqana.
  9377 | D:11     | Found a sacrificial altar of Ru.
  9377 | D:11     | Noticed an oklob plant
  9618 | D:11     | Found a portal to a secret trove of treasure.
  9646 | D:11     | Noticed a two-headed ogre
  9651 | D:11     | Killed a two-headed ogre
  9651 | D:11     | Reached skill level 5 in Invocations
  9917 | D:12     | Reached skill level 10 in Unarmed Combat
 10118 | D:12     | Noticed a two-headed ogre
 10125 | D:12     | Killed a two-headed ogre
 10659 | Lair:1   | Entered Level 1 of the Lair of Beasts
 10664 | Lair:1   | Noticed Urug
 10686 | Lair:1   | Killed Urug
 10859 | Lair:1   | Reached skill level 11 in Unarmed Combat
 11253 | Lair:1   | Found a dark tunnel.
 11265 | Volcano  | Entered a volcano
 11295 | Volcano  | Reached XP level 12. HP: 114/114 MP: 15/15
 11441 | Volcano  | Found a radiant altar of Vehumet.
 11441 | Volcano  | Noticed a centaur warrior
 11458 | Volcano  | Killed a centaur warrior
 11509 | Volcano  | Reached XP level 13. HP: 123/123 MP: 16/16
 11514 | Volcano  | Noticed a red draconian
 11558 | Volcano  | Killed a red draconian
 12289 | Lair:2   | Identified Ocidd's Volume of Earth and Beguiling
 13100 | Lair:3   | Reached skill level 12 in Unarmed Combat
 13169 | Lair:3   | Found a staircase to the Swamp.
 13893 | Lair:4   | Noticed Josephine
 13905 | Lair:4   | Killed Josephine
 14005 | Lair:4   | Got a creamy pearl robe
 14016 | Lair:4   | Identified the cursed +1 robe of Dim Light {Int+3} (You
                  | found it on level 4 of the Lair of Beasts)
 14177 | Lair:4   | Reached XP level 14. HP: 135/135 MP: 18/18
 14316 | Lair:4   | Found a staircase to the Snake Pit.
 14815 | Lair:5   | Found a staircase to the Slime Pits.
 15538 | Lair:6   | Entered Level 6 of the Lair of Beasts
 15583 | Lair:6   | Reached skill level 13 in Unarmed Combat
 16675 | Lair:6   | Reached skill level 10 in Maces & Flails
 17001 | Lair:6   | Found a burning altar of Makhleb.
 17415 | Lair:6   | Found a gateway to Hell.
 17423 | Lair:6   | Got an iridescent scimitar
 17433 | Lair:6   | Identified the +5 scimitar "Newtbane" {flame, rElec MR+
                  | Int+2} (You found it on level 6 of the Lair of Beasts)
 17662 | Orc:1    | Entered Level 1 of the Orcish Mines
 17937 | Orc:1    | Noticed an orc warlord
 17950 | Orc:1    | Reached skill level 14 in Unarmed Combat
 17957 | Orc:1    | Slain by an orc warlord

Levels and vault maps discovered:
D:1:      lemuel_arrival_cross, layout_basic
D:2:      layout_loops_ring, lemuel_doored_altar
D:3:      layout_rooms, lemuel_crystal_altar, lemuel_coloured_pillars_altar,
          nicolae_overflow_hidden_temple, uniq_natasha
D:4:      layout_basic, minmay_temple_entry_glassed_door
D:5:      layout_cave_pools, first_ration, enter_ossuary_3, minivault_14
D:6:      layout_loops_corners, uniq_edmund, uniq_sigmund
D:7:      layout_loops_corners, gammafunk_temple_overflow_wave, grunt_ogre_cave,
          uniq_duvessa
D:8:      layout_basic
D:9:      layout_basic, glass_columns_b
D:10:     layout_basic, nrook_loot_triangle, evilmike_minifort
D:11:     layout_roguey, minmay_lair_entry_grove,
          kennysheep_orc_monster_closet_entryway, enter_trove_6, serial_undead,
          serial_undead_e, serial_undead_c, serial_undead_d, serial_undead_c,
          basic_altar, lemuel_oklob_altar
D:12:     old_forge, layout_cave_pools
Temple:   nicolae_temple_figure_eight
Lair:1:   layout_roguey, nicolae_volcano_entry_batcave, minivault_24, uniq_urug
Lair:2:   layout_hall_layers, serial_bayou_shore_a, grunt_megastairs_2
Lair:3:   layout_cave_pods, palyth_hydra_swamp_entry
Lair:4:   layout_hall_layers, dummy_snake_entry, grunt_megastairs_4,
          lemuel_fruit_fields, uniq_josephine
Lair:5:   layout_regular_city, minmay_slime_entry_oklob_enclosed
Lair:6:   evil_forest, layout_regular_city, serial_bayou_shore_b,
          infiniplex_staircase_pool
Orc:1:    layout_caves

Skill      XL: |  1  2  3  4  5  6  7  8  9 10 11 12 13 14 |
---------------+-------------------------------------------+-----
Maces & Flails | 2 3 4 6 7 9 10 | 10.1
Throwing       | 1 2 3 4 5 6 7 8 9 |  9.0
Unarmed Combat | 1 2 3 4 5 6 8 9 11 12 14 | 14.0
Shields        | 3 4 5 6 7 |  7.8
Fighting       | 3 4 5 6 7 8 |  8.3
Armour         | 1 2 3 |  3.3
Invocations    | 1 3 4 5 6 7 8 |  8.0
Evocations     | 1 2 |  2.8
Dodging        | 3 |  3.3
Long Blades    | |  0.1
Stealth        | |  0.9
Spellcasting   | |  0.9

Action                   |  1- 3 |  4- 6 |  7- 9 | 10-12 | 13-15 || total
-------------------------+-------+-------+-------+-------+-------++-------
Melee: Flail             |    61 |       |    47 |   226 |   282 ||   616
       Unarmed           |    84 |   255 |   260 |   332 |   514 ||  1445
Throw: Javelin           |     2 |    20 |    19 |       |       ||    41
       Boomerang         |       |       |    26 |    66 |    63 ||   155
Invok: Stomp             |       |       |     3 |    10 |     7 ||    20
       Line Pass         |       |       |     1 |     2 |       ||     3
       Grand Finale      |       |       |       |     1 |       ||     1
Evoke: Wand              |       |       |     3 |     5 |    12 ||    20
  Use: Scroll            |       |     1 |    11 |     9 |    16 ||    37
       Potion            |       |       |     2 |     3 |     7 ||    12
 Stab: Sleeping          |     4 |     4 |    14 |     6 |     4 ||    32
       Paralysed         |       |       |     8 |    29 |    51 ||    88
       Confused          |       |       |     2 |       |       ||     2
  Eat: Chunk             |    18 |    18 |    30 |    45 |    59 ||   170
       Ration            |       |       |       |     1 |       ||     1
Armor: Robe              |     9 |       |       |       |       ||     9
       Shadow dragon sca |    61 |   126 |   223 |   343 |   437 ||  1190
Dodge: Dodged            |    33 |    41 |    82 |   155 |   245 ||   556
Block: Shield            |    78 |    99 |   167 |   373 |   519 ||  1236
